[Event "Late-Titled-Tuesday-Blitz-January-23-2024"]
[Site "Chess.com"]
[Date "2024.01.23"]
[Round "9"]
[White "AntonSmirnov"]
[Black "Alex_Sahakyan2006"]
[Result "0-1"]
[WhiteElo "2970"]
[BlackElo "2760"]
[TimeControl "180+1"]
[EndTime "15:43:12 PST"]
[Termination "Alex_Sahakyan2006 won by resignation"]

1. e4 e5 2. Nf3 Nc6 3. Bb5 a6 4. Bxc6 dxc6 5. O-O Bg4 6. h3 Bh5 7. g4 Bg6 8. Nxe5 Bd6 9. Nxg6 hxg6 10. Qf3 Qh4 11. Kg2 Ne7 12. d3 g5 13. Rh1 Ng6 14. Be3 Qh7 15. Kf1 Nh4 16. Qe2 Qg6 17. Nd2 f6 18. Nf3 O-O-O 19. Nxh4 Rxh4 20. Qf3 Rdh8 21. Kg2 Kb8 22. Rae1 Qf7 23. Bxg5 R4h7 24. b3 Qe6 25.
Be3 g6 26. Bd2 Be5 27. Qe2 Qd6 28. Ref1 f5 29. f4 Bd4 30. Qf3 Qc5 31. c4 Qa3 32.
Rh2 Qxa2 33. Kh1 fxg4 34. Qxg4 Qxb3 35. Qf3 Rd8 36. Rd1 Bb6 37. Bc1 a5 38. f5 gxf5 39.
exf5 a4 40. f6 a3 41. Bf4 Bd4 42. Bg3 a2 43. Qf1 a1=Q 44. Rxa1 Bxa1 45. Qxa1 Qxd3 46.
Qe1 Qf3+ 47. Rg2 Rd1 48. Kh2 Rxe1 49. Bxe1 Qxf6 50. Bf2 Qf4+ 51. Bg3 Qxc4 52. Rf2 b6 53. Rd2 Kb7 54. Rc2 Qxc2+ 0-1

[Event "Late-Titled-Tuesday-Blitz-January-23-2024"]
[Site "Chess.com"]
[Date "2024.01.23"]
[Round "9"]
[White "greekplayer1"]
[Black "GMBenjaminBok"]
[Result "0-1"]
[WhiteElo "2726"]
[BlackElo "2890"]
[TimeControl "180+1"]
[EndTime "15:43:13 PST"]
[Termination "GMBenjaminBok won by resignation"]

1. e4 c5 2. Nf3 d6 3. d4 cxd4 4. Nxd4 Nf6 5. Nc3 a6 6. h3 e5 7.
Nb3 Be7 8. g4 h6 9. Bg2 b5 10.
a3 Bb7 11. Be3 Nbd7 12. Qd2 Rc8 13. f4 Nb6 14. fxe5 dxe5 15. Qxd8+ Bxd8 16. O-O-O Nc4 17. Bf2 Be7 18. Nd5 Nxd5 19. exd5 O-O 20. Rhe1 Rfd8 21. Kb1 a5 22. Nd2 Bxd5 23. Bxd5 Rxd5 24. Nxc4 Rxd1+ 25. Rxd1 Rxc4 26. Rd5 Rf4 27. Bb6 e4 28. Rxb5 g6 29. c4 a4 30. c5 e3 31. c6 e2 32. Re5 Rf1+ 33. Kc2 Bg5 34. c7 Rc1+ 35. Kd3 Bf4 36. Rxe2 Bxc7 37. Re8+ Kg7 38. Bd4+ f6 39. Re7+ Kf8 40.
Bxf6 Bd8 41. Re6 Kf7 42. Ra6 Bxf6 43. Ra7+ Ke6 44. Ra6+ Kf7 45. Ra7+ Kg8 46. Ra8+ Kh7 47. Ra7+ Bg7 48. Rxa4 Bxb2 49. Ra7+ Bg7 50. a4 Rh1 51. Ke4 Rxh3 52. a5 Rg3 53. Kf4 Ra3 54. a6 Ra4+ 55.
Kf3 g5 56. Kg3 Kg6 57. Kf3 Bd4 58. Ra8 Kf7 59. Kg3 Be5+ 60. Kh3 Ra3+ 61. Kg2 Rg3+ 62. Kf2 Rxg4 63. a7 Ra4 0-1

[Event "Late-Titled-Tuesday-Blitz-January-23-2024"]
[Site "Chess.com"]
[Date "2024.01.23"]
[Round "9"]
[White "C_K_G"]
[Black "Boninknights"]
[Result "0-1"]
[WhiteElo "2153"]
[BlackElo "2382"]
[TimeControl "180+1"]
[EndTime "15:43:15 PST"]
[Termination "Boninknights won by resignation"]

1. e4 c6 2. Nf3 a6 3. Nc3 d5 4. d4 Bg4 5. Be2 e6 6. O-O Nf6 7. e5 Nfd7 8. h3 Bxf3 9. Bxf3 c5 10. Ne2 cxd4 11. Qxd4 Nc6 12. Qe3 Ndxe5 13. Nf4 Nxf3+ 14. Qxf3 Bc5 15. Re1 O-O 16. Nh5 Nd4 17. Qc3 Rc8 18. Be3 e5 19. Qd3 f5 20. c3 Ne6 21. Bxc5 Nxc5 22.
Qg3 g6 23. Rxe5 Ne4 24. Qf4 gxh5 25. Rxf5 Rxf5 26. Qxf5 Rc6 27. Rd1 Qf6 28. Qxd5+ Qe6 29. Qxh5 Rd6 30. Re1 Rd2 31. Qf3 Ng5 32. Rxe6 Nxf3+ 33. gxf3 Rxb2 34. a4 a5 35. Re7 b5 36. axb5 Rxb5 37.
Ra7 Rc5 38. Kg2 h5 39. Kg3 Kf8 40. f4 Ke8 41. f3 Kd8 42. Kh4 Kc8 43. Ra6 Kb7 44.
Rh6 a4 45. Rxh5 Rxh5+ 46. Kxh5 a3 47. f5 a2 48. f6 a1=Q 49. f7 Qa3 50. Kg6 Qf8 51. h4 Kc7 52. h5 Kd7 53. h6 Ke6 54. Kh7 Qxf7+ 55. Kh8 Kf6 56. f4 Kg6 0-1

[Event "Late-Titled-Tuesday-Blitz-January-23-2024"]
[Site "Chess.com"]
[Date "2024.01.23"]
[Round "9"]
[White "DefiantChair"]
[Black "FontVella8"]
[Result "0-1"]
[WhiteElo "2592"]
[BlackElo "2750"]
[TimeControl "180+1"]
[EndTime "15:43:17 PST"]
[Termination "FontVella8 won on time"]

1. e4 c6 2. d4 d5 3. e5 Bf5 4. Nf3 e6 5. Be2 Nd7 6. Nbd2 h6 7. O-O a6 8. a4 Qc7 9. Nb3 g5 10. a5 f6 11. Re1 fxe5 12. Nxe5 Nxe5 13. dxe5 O-O-O 14. Be3 c5 15. Bg4 d4 16. Bd2 Ne7 17. Bxf5 Nxf5 18. Qg4 Rd5 19. f4 Be7 20. c4 Rdd8 21. Nc1 Rdg8 22. Nd3 gxf4 23. Qh3 f3 24. Nf4 Qc6 25. Ra3 Bh4 26. Rf1 fxg2 27. Rb1 Qe4 28. Raa1 Qc2 29. Rd1 Bg5 30. Rac1 Qxd2 31. Rxd2 Bxf4 32.
Rcd1 Be3+ 33. Rf2 Rg5 34. Re1 Bxf2+ 35. Kxf2 Rf8 36. Ke2 g1=Q 37. Rxg1 Rxg1 38. Kd2 Rfg8 39. Kc2 R8g2+ 40. Kb3 Re2 41. Qh5 Re3+ 42. Ka2 Rg8 43. Qf7 Rd8 44. Qxe6+ Kb8 45. Qxf5 d3 46. Qf4 d2 47. e6+ Ka8 48. e7 Rxe7 49. Qf6 d1=Q 50. Ka3 Rd3+ 0-1

[Event "Late-Titled-Tuesday-Blitz-January-23-2024"]
[Site "Chess.com"]
[Date "2024.01.23"]
[Round "9"]
[White "ozates"]
[Black "Msb2"]
[Result "0-1"]
[WhiteElo "2642"]
[BlackElo "3042"]
[TimeControl "180+1"]
[EndTime "15:43:18 PST"]
[Termination "Msb2 won by resignation"]

1. e4 e6 2. d4 d5 3. Nd2 c5 4. exd5 Qxd5 5. dxc5 Nf6 6. Ngf3 Qxc5 7. Be2 Nbd7 8. O-O Qc7 9. a4 Be7 10. a5 O-O 11. c3 Rd8 12. Qc2 Nf8 13. Ne4 Bd7 14.
a6 bxa6 15. Rxa6 Ng6 16. Nxf6+ Bxf6 17. Be3 Ne7 18. Rfa1 Nd5 19. Qe4 Nxe3 20. Qxe3 Qb8 21. b4 Rc8 22. Nd4 Qc7 23. Bf3 Rab8 24. Rxa7 Qd6 25. Rd1 Be8 26. Nc6 Qxd1+ 27. Bxd1 Bxc6 28. Ra5 Bd5 29. Rc5 Rd8 30. Bf3 Bb3 31. g3 h6 32. h4 Rbc8 33. b5 Rb8 34. c4 Bd4 35.
Qxb3 Bxc5 36. Qc2 Rd4 37. Kg2 Rbd8 38. Be2 f5 39. Qc1 Rd2 40. Qe1 Rb2 41. Bf3 Rxf2+ 42. Qxf2 Bxf2 43. Kxf2 e5 44. Bd5+ Kf8 45. b6 Ke7 46.
Bf3 Kd6 47. Bd5 Kc5 48. b7 Kb6 49. Ke3 Kc7 50. g4 g6 51. h5 fxg4 52. hxg6 Rd7 53. g7 Rxg7 54. Kf2 g3+ 55. Kg2 h5 56. c5 h4 57. Kh3 Rd7 58. Bg2 Rd2 59. c6 Rb2 60.
Bf3 Rh2+ 61. Kg4 g2 0-1

[Event "Late-Titled-Tuesday-Blitz-January-23-2024"]
[Site "Chess.com"]
[Date "2024.01.23"]
[Round "9"]
[White "PabloZarnicki"]
[Black "IlanSchnaider"]
[Result "0-1"]
[WhiteElo "2599"]
[BlackElo "2759"]
[TimeControl "180+1"]
[EndTime "15:43:18 PST"]
[Termination "IlanSchnaider won by checkmate"]

1. e4 c5 2. Nf3 d6 3. d4 cxd4 4.
Qxd4 Nc6 5. Bb5 a6 6. Bxc6+ bxc6 7. Nc3 e5 8. Qd3 Ne7 9. O-O Ng6 10. Bg5 Qc7 11. Nd2 h6 12. Be3 Be6 13. Nc4 Be7 14.
Rad1 Bxc4 15. Qxc4 Qb7 16. Qb3 Rb8 17. Na4 O-O 18.
Qxb7 Rxb7 19. c4 f5 20. f3 fxe4 21. fxe4 Rd8 22. b3 Nf8 23. c5 Ne6 24. cxd6 Bxd6 25. Rd3 Be7 26. Rfd1 Rxd3 27. Rxd3 Kf7 28. g3 Ke8 29.
Kf2 h5 30. h4 g6 31. Rc3 Kd7 32. Nb6+ Kc7 33. Nd5+ Kd6 34. Nb6 Nd4 35. Nc4+ Ke6 36. Rd3 Bc5 37. Kg2 Rd7 38. Nd2 Bb4 39. Bxd4 exd4 40.
Nf3 Bc3 41. Kf2 c5 42. Ke2 Rb7 43. Rd1 a5 44. Kd3 Rb4 45. Ng5+ Ke5 46. Nf7+ Ke6 47. Ng5+ Kd6 48. Rf1 a4 49. Rf6+ Ke7 50. Re6+ Kd7 51. Kc2 axb3+ 52. axb3 c4 53. bxc4 Rb2+ 54. Kc1 d3 55.
Rxg6 Rc2+ 56. Kd1 Ra2 57. Kc1 Ra1# 0-1

[Event "Late-Titled-Tuesday-Blitz-January-23-2024"]
[Site "Chess.com"]
[Date "2024.01.23"]
[Round "9"]
[White "GM_dmitrij"]
[Black "GMG"]
[Result "1-0"]
[WhiteElo "3001"]
[BlackElo "2791"]
[TimeControl "180+1"]
[EndTime "15:43:20 PST"]
[Termination "GM_dmitrij won on time"]

1. e4 c5 2. Nf3 e6 3. d4 cxd4 4. Nxd4 Nc6 5. Bf4 d6 6. Nxc6 bxc6 7. c4 Nf6 8. Nc3 e5 9. Be3 a5 10. Bd3 Be7 11. O-O O-O 12. h3 Nd7 13. Qd2 Nc5 14.
Rfd1 Ne6 15. Bf1 Qc7 16. Rac1 Re8 17. Na4 c5 18. Nc3 Nd4 19. Nd5 Qd8 20. Rc3 Bb7 21.
Bd3 h6 22. Ra3 Bxd5 23. cxd5 Bg5 24. Ra4 g6 25. b3 Kg7 26. Kh1 Ra7 27. Rf1 Ra8 28.
Qe1 Ra7 29. Qd1 Ra8 30. Bc4 Bf4 31. g3 Bg5 32. h4 Bf6 33. Kg2 Rb8 34. Bd2 Ra8 35. Qe1 Nc2 36. Qc1 Nd4 37. Bxh6+ Kh7 38.
Bd2 Bg7 39. Qe1 f5 40. exf5 gxf5 41. Rxa5 e4 42. Rxa8 Qxa8 43. Qd1 Kg6 44. a4 Rh8 45. Rh1 Be5 46. h5+ Kh7 47. h6 Qf8 48. Qh5 Rg8 49. Rh4 Nf3 50. Bc1 Nxh4+ 51. Qxh4 Qf6 52. Qxf6 Bxf6 53.
a5 Bg5 54. Bxg5 Rxg5 55. Bb5 f4 56. a6 f3+ 57. Kg1 e3 58. fxe3 Rxg3+ 59. Kf2 Rg2+ 60. Kxf3 Ra2 61. Ba4 c4 62. a7 1-0

[Event "Late-Titled-Tuesday-Blitz-January-23-2024"]
[Site "Chess.com"]
[Date "2024.01.23"]
[Round "9"]
[White "Quattroporte300"]
[Black "DraningWaterHi"]
[Result "1-0"]
[WhiteElo "2436"]
[BlackElo "2210"]
[TimeControl "180+1"]
[EndTime "15:43:20 PST"]
[Termination "Quattroporte300 won by resignation"]

1. e4 e5 2. Nf3 Nc6 3. d4 exd4 4.
Nxd4 Nf6 5. Nxc6 bxc6 6. Qe2 Bc5 7. Nc3 O-O 8. Bg5 h6 9. Bh4 d5 10. O-O-O g5 11. Bg3 Re8 12. h4 g4 13. e5 Nh5 14.
Ne4 Be7 15. Qd2 Bf8 16. Bh2 Bf5 17. Ng3 Nxg3 18. Bxg3 h5 19. Bd3 Qd7 20. Qg5+ Bg6 21. Bxg6 fxg6 22. Qxg6+ Bg7 23. Qxh5 Rab8 24. Rhe1 Re6 25.
Qxg4 c5 26. f4 c4 27. Bf2 c3 28. bxc3 Qe7 29. Bc5 Qf7 30. f5 Rc6 31. Bd4 Kh7 32.
e6 Bh6+ 33. Be3 Qf6 34. Bxh6 Qxc3 35. Qg6+ Kh8 36. Bg7+ Qxg7 37. Qxg7+ Kxg7 38. Rxd5 Kf6 39. e7 Re8 40. Rd7 Rc4 41. Kd2 Rxh4 42. Re6+ Kxf5 43. Rd8 Kxe6 44. Rxe8 Kd7 45. Rc8 Kxe7 46. Rxc7+ Kd6 47. Rxa7 Rg4 48. Rf7 Rxg2+ 49. Kc3 Rg3+ 50. Kb2 Kc5 51.
Rf4 Rg2 52. Re4 Rg3 53. Re8 Kb5 54. Re4 Rf3 55. Re5+ Kb4 56. a3+ Ka4 57. Re4+ Kb5 58. c3 Rf2+ 59. Kb3 Rf3 60. Re5+ Kc6 61. Kb4 Rf1 62. a4 Rb1+ 63. Kc4 Ra1 64. a5 Ra4+ 65. Kb3 Ra1 66. Rh5 Rb1+ 67. Kc4 Ra1 68. Rh6+ Kb7 69.
Kb5 Rb1+ 70. Kc5 Ra1 71. a6+ Ka7 72. Kb5 Rb1+ 73. Kc5 Ra1 74. c4 Ra5+ 75. Kb4 Rxa6 76. Rxa6+ Kxa6 77. Kc5 Kb7 78. Kd6 Kc8 79. Kc6 Kd8 80.
Kb7 1-0

[Event "Late-Titled-Tuesday-Blitz-January-23-2024"]
[Site "Chess.com"]
[Date "2024.01.23"]
[Round "9"]
[White "cthulhuuu"]
[Black "yobdc"]
[Result "1/2-1/2"]
[WhiteElo "2473"]
[BlackElo "2545"]
[TimeControl "180+1"]
[EndTime "15:43:22 PST"]
[Termination "Game drawn by repetition"]

1. e4 e6 2. d3 c5 3. Nf3 Nc6 4.
g3 Nge7 5. Bg2 g6 6. O-O Bg7 7. Re1 e5 8. Nc3 d6 9. Nd2 O-O 10. Nc4 Be6 11. Nd5 Qd7 12. a4 f5 13. f4 exf4 14.
Bxf4 fxe4 15. dxe4 Ne5 16. Nxe7+ Qxe7 17. Qxd6 Qxd6 18. Nxd6 b6 19. b3 Rad8 20. Nb5 Rd7 21. Rad1 Rfd8 22. Rxd7 Rxd7 23. Nc3 Ng4 24. Nd5 Bd4+ 25.
Ne3 Kg7 26. h3 Nxe3 27. Bxe3 Bxe3+ 28. Rxe3 Rd2 29. Rc3 Kf6 30. a5 Ke5 31. axb6 axb6 32. b4 cxb4 33. Rc6 g5 34. Rxb6 Rxc2 35. Rxb4 h5 36.
Rb5+ Kf6 37. e5+ Kf7 38. Rb7+ Kf8 39. Rh7 Re2 40. Rxh5 Rxe5 41. Kh2 Kg7 42. h4 Kg6 43. Rxg5+ Rxg5 44. hxg5 Kxg5 45. Bf3 Bg4 46. Kg2 Bxf3+ 47.
Kxf3 Kf5 48. g4+ Kg5 49. Kg3 Kg6 50. Kf4 Kf6 51. Kf3 Kg5 52. Kg3 Kg6 53. Kf4 Kf6 54. g5+ Kg6 55. Kg4 Kg7 56. Kh5 Kh7 57. Kh4 Kg6 58.
Kg4 Kg7 59. Kf5 Kf7 60. g6+ Kg7 61. Kg5 Kg8 62. Kh6 Kh8 63. Kh5 Kg7 64. Kg5 Kg8 65.
Kf5 Kg7 66. Kg5 1/2-1/2

[Event "Late-Titled-Tuesday-Blitz-January-23-2024"]
[Site "Chess.com"]
[Date "2024.01.23"]
[Round "9"]
[White "brm72"]
[Black "ContrVersia"]
[Result "1-0"]
[WhiteElo "2683"]
[BlackElo "2826"]
[TimeControl "180+1"]
[EndTime "15:43:23 PST"]
[Termination "brm72 won on time"]

1. e4 d6 2. d4 Nf6 3. Nc3 g6 4. Be3 Bg7 5. Qd2 c6 6. Bd3 b5 7. f3 Qa5 8. g4 h5 9. g5 Nfd7 10.
Nge2 Nb6 11. a3 Be6 12. d5 Bd7 13. Bd4 O-O 14. Bxg7 Kxg7 15. dxc6 Bxc6 16. O-O b4 17. axb4 Qxb4 18. Qe3 N8d7 19. f4 Qc5 20. Kf2 e5 21.
Qxc5 Nxc5 22. fxe5 dxe5 23. Ke3 a5 24. Rf6 Rac8 25.
Rxa5 Nbd7 26. Rd6 Nb7 27. Rxc6 Rxc6 28. Ra7 Nbc5 29. Nd5 Nxd3 30. cxd3 Nb6 31. Nf6 Rd8 32. Nc3 Ra8 33. Rb7 Nc8 34. h4 Rb6 35. Rd7 Rxb2 36.
Rd8 Nb6 37. Rd6 Rc8 38. Ne2 Rb3 39. Kd2 Na4 40. Rd5 Rb2+ 41. Ke3 Nc5 42. Rxe5 Ne6 43. Nf4 Nxf4 44. Kxf4 Rh2 45. Kg3 Rh1 46. Rd5 Kf8 47.
Rd7 Rg1+ 48. Kh3 Rd1 49. Kg3 Kg7 50. Kf4 Rf1+ 51. Kg3 Rg1+ 52. Kh3 Rgc1 53. Kg3 Kf8 54. Kf4 R1c7 55. Rd6 Ra7 56. d4 Kg7 57. Ke5 Ra5+ 58. d5 Ra1 59. Rd7 Rh1 60. Re7 Rxh4 61. d6 Rh1 62. d7 1-0

[Event "Late-Titled-Tuesday-Blitz-January-23-2024"]
[Site "Chess.com"]
[Date "2024.01.23"]
[Round "9"]
[White "NitaLucian"]
[Black "SergioMoralesG"]
[Result "1/2-1/2"]
[WhiteElo "2314"]
[BlackElo "2442"]
[TimeControl "180+1"]
[EndTime "15:43:25 PST"]
[Termination "Game drawn by agreement"]

1. e4 c5 2. d3 Nc6 3. Nd2 g6 4. Ngf3 Bg7 5. Be2 d6 6. O-O e6 7. c3 Nge7 8. Nb3 b6 9. d4 Bb7 10.
Bg5 h6 11. Be3 O-O 12. Re1 Kh7 13. Bd3 Qc7 14. Rc1 Rad8 15. Bb1 a5 16. Na1 b5 17. d5 exd5 18. exd5 Ne5 19. Nxe5 dxe5 20. Qe2 Nxd5 21. Qxb5 Nxe3 22. Rxe3 Rd2 23. Re2 Rfd8 24. Nb3 Rxe2 25. Qxe2 a4 26. Nd2 f5 27. f3 h5 28. Nc4 Ba6 29. b3 axb3 30. axb3 Qb7 31. Bc2 Bh6 32. Rd1 Bxc4 33. Qxc4 Be3+ 34. Kf1 Rxd1+ 35. Bxd1 Qd7 36.
Qe2 f4 37. Bc2 Kh6 38. Qd3 Qf7 39. Ke2 Qf6 40. b4 cxb4 41. cxb4 Qb6 42. g3 Bg1 43. gxf4 exf4 44. Kd2 Bxh2 45. Kc3 Bg1 46. Qe4 Be3 47. Bd3 h4 48. Qe7 h3 49. Qh4+ Kg7 50. Qxh3 Qd4+ 51.
Kc2 Qxb4 52. Qd7+ Kh6 53. Qh3+ Kg7 54. Qd7+ Kf6 55. Qc6+ Ke5 56. Bxg6 Qd2+ 57. Kb3 Qd5+ 58. Qxd5+ Kxd5 59. Be4+ Kd4 60. Kc2 Bf2 61. Kd1 Ke3 62. Kc2 Bg3 63. Kb3 Bh4 64. Kc4 Bf6 65. Kd5 Bh4 66. Ke6 Bg3 67. Kf5 Bf2 68. Kg4 Bg3 69. Kh3 Be1 70. Kg2 Bb4 71. Bd5 Bd6 72. Bb7 Bc7 73.
Kh3 Be5 74. Kg4 Bd6 75. Kf5 Ba3 76. Ba8 Bc1 77. Ke6 Bd2 78. Kd5 Be1 79. Ke5 Bf2 80. Kf5 Be1 81. Be4 Bd2 1/2-1/2

[Event "Late-Titled-Tuesday-Blitz-January-23-2024"]
[Site "Chess.com"]
[Date "2024.01.23"]
[Round "9"]
[White "K_A_S_T_O_R"]
[Black "Cubitas"]
[Result "1-0"]
[WhiteElo "2901"]
[BlackElo "2727"]
[TimeControl "180+1"]
[EndTime "15:43:31 PST"]
[Termination "K_A_S_T_O_R won by resignation"]

1. e4 c5 2. Nf3 Nc6 3. d4 cxd4 4.
Nxd4 e5 5. Nb3 d6 6. Nc3 Be7 7.
Bc4 Nf6 8. Bg5 Be6 9. Bxf6 Bxf6 10. Qe2 Rc8 11. Nd5 Bg5 12. c3 O-O 13. O-O Kh8 14. Rad1 f5 15. exf5 Bxf5 16. Bd3 Be6 17. Be4 Qe8 18.
Kh1 Ne7 19. Qd3 Qh5 20. Nxe7 Bxe7 21. Bd5 Bf5 22. Qb5 Rc7 23. Nd2 a6 24. Qb6 Rc5 25. Qxb7 Bg5 26. Bf3 Qh6 27. Nb3 Rcc8 28. Qd5 Bf4 29.
g3 Bh3 30. Bg2 Bg5 31. Bxh3 Qxh3 32. Qg2 Qe6 33. Rfe1 Rcd8 34. f4 Bf6 35. fxe5 Bxe5 36. Nc1 Qc4 37. Nd3 Bf6 38. a3 Qb3 39. Qe2 h6 40.
Kg2 Qb7+ 41. Kh3 Qd7+ 42. Qg4 Qb7 43. Nf4 Kh7 44. Qf5+ Kg8 45. Qd5+ Qxd5 46. Nxd5 Be5 47. Re2 Rf3 48. Kg2 Rdf8 49. Rdd2 Rf1 50. Rf2 R8xf2+ 51. Rxf2 Rb1 52. Rd2 Kf7 53. Kf3 Ke6 54. Nc7+ Kd7 55.
Nxa6 Kc6 56. Nb4+ Kb5 57. Nd3 Kc4 58. Nxe5+ dxe5 59. Re2 Kd3 60. Re3+ Kc4 61. b4 Kd5 62. h4 e4+ 63. Rxe4 Rf1+ 64. Ke2 Rc1 65. Re3 Rc2+ 66. Kf3 Ra2 67. Kg4 Kc4 68. Kf5 Rf2+ 69. Kg6 h5 70. Kxh5 Rg2 71. Kg6 Rf2 72. Kxg7 Kb5 73. h5 Kc6 74. h6 Kd6 75. h7 Rf3 76. Rxf3 1-0

[Event "Late-Titled-Tuesday-Blitz-January-23-2024"]
[Site "Chess.com"]
[Date "2024.01.23"]
[Round "9"]
[White "ferdipy"]
[Black "GlavkonVVS"]
[Result "1/2-1/2"]
[WhiteElo "2342"]
[BlackElo "2508"]
[TimeControl "180+1"]
[EndTime "15:43:31 PST"]
[Termination "Game drawn by stalemate"]

1. e4 Nf6 2. e5 Nd5 3. d4 d6 4. Nf3 Bg4 5. Be2 e6 6. O-O Be7 7. h3 Bh5 8. c4 Nb6 9. exd6 cxd6 10. b3 O-O 11. Nc3 d5 12. cxd5 Nxd5 13. Nxd5 Qxd5 14. Be3 Nc6 15. Qd2 Rfd8 16. Rad1 Bb4 17. Qd3 Rac8 18. Qc4 Ba3 19. Qxd5 Rxd5 20. g4 Bg6 21. Bc4 Rdd8 22. Ne5 Be4 23. f4 Nb4 24. f5 Bd5 25. fxe6 f6 26. Nf7 Rf8 27. Nd6 Rc7 28. Nb5 Bxc4 29. bxc4 Rxc4 30. Nxa3 Rc3 31.
Bd2 Nxa2 32. Bxc3 Nxc3 33. Rd3 Nd5 34. Rb1 b6 35. Rc1 Nf4 36. Re3 Re8 37. e7 Kf7 38.
Rc7 Nd5 39. Rec3 Nxc3 40. Rxc3 Rxe7 41. Kf2 a6 42. Rc6 Rd7 43. Nc2 Rb7 44. Ke3 a5 45. Kd3 a4 46. Kc3 Kg6 47. h4 h5 48. g5 Kf5 49. gxf6 gxf6 50. Ne3+ Ke4 51. Nc4 b5 52. Nd6+ Kd5 53. Nxb7 Kxc6 54. Nc5 Kd5 55. Nd3 Ke4 56.
Nb4 f5 57. d5 Ke5 58. Kd3 f4 59. Ke2 a3 60. Kf3 a2 61. Nxa2 Kxd5 62. Nc3+ Kc4 63. Nxb5 Kxb5 64. Kxf4 Kc6 65. Kg5 Kd6 66. Kxh5 Ke7 67.
Kg6 Kf8 68. Kh7 Kf7 69. h5 Kf8 70. Kh8 Kf7 71. Kh7 Kf8 72. Kg6 Kg8 73. h6 Kh8 74. h7 1/2-1/2

[Event "Late-Titled-Tuesday-Blitz-January-23-2024"]
[Site "Chess.com"]
[Date "2024.01.23"]
[Round "9"]
[White "DanylaBagrov"]
[Black "falzehope0"]
[Result "1-0"]
[WhiteElo "2535"]
[BlackElo "2411"]
[TimeControl "180+1"]
[EndTime "15:43:35 PST"]
[Termination "DanylaBagrov won by resignation"]

1. d4 e6 2. Bf4 d5 3. e3 Ne7 4.
Nf3 Ng6 5. Bg3 Be7 6. Nbd2 f5 7. Bd3 O-O 8. c4 c6 9. O-O f4 10. Bxf4 Nxf4 11. exf4 Rxf4 12. Qc2 h6 13. Ne5 Rf6 14.
Bh7+ Kh8 15. Ndf3 Bd6 16. Rae1 Nd7 17. Ng4 Rf8 18. Rxe6 Nf6 19. Rxf6 Bxg4 20. Rxf8+ Qxf8 21. Ne5 Bxe5 22. dxe5 Qe7 23. f4 Qc5+ 24. Kh1 Qxc4 25. Qxc4 dxc4 26. Be4 Rd8 27. f5 Rd2 28. e6 Kg8 29. h3 Be2 30. Re1 Kf8 31. f6 gxf6 32.
e7+ Kf7 33. e8=Q+ Kxe8 34. Bf3 Rd1 35. Rxd1 Bxd1 36. Bxd1 Ke7 37. Kg1 Kd6 38. Kf2 Ke5 39.
Ke3 c5 40. Bf3 b5 41. Bb7 f5 42. Ba6 f4+ 43. Ke2 Kd4 44. Bxb5 a5 45. Kd2 h5 46.
Bc6 h4 47. Bf3 a4 48. a3 c3+ 49. bxc3+ Kc4 50. Kc2 Kb5 51. Kd3 Kb6 52. Kc4 Ka5 53.
Kxc5 Ka6 54. Kb4 Kb6 55. Kxa4 Kc5 56. Kb3 Kb5 57. a4+ Kc5 58. a5 Kb5 59. a6 Kxa6 60. Kc4 Kb6 61. Kd4 Kb5 62. Ke4 Kc4 63. Kxf4 Kxc3 64.
Kg4 Kd4 65. Kxh4 Ke5 66. Kg5 Ke6 67. Kg6 Ke7 68. h4 Kf8 69. Bd5 Ke7 70. h5 Kd6 71.
h6 Kxd5 72. h7 Ke5 73. h8=Q+ Kf4 74. Qh3 Ke5 75. g4 Kf4 76. g5 Ke5 77. Kh6 Kd6 78. g6 Ke7 79. g7 Kf6 80. Qf3+ Ke7 81. g8=Q Kd6 82. Qg6+ Kc5 83. Qg5+ Kc4 84. Qgg4+ Kc5 85. Qff5+ Kc6 86. Qgg6+ Kc7 87. Qff7+ 1-0

[Event "Late-Titled-Tuesday-Blitz-January-23-2024"]
[Site "Chess.com"]
[Date "2024.01.23"]
[Round "9"]
[White "Hikaru"]
[Black "ChessFighter_2011"]
[Result "1-0"]
[WhiteElo "3282"]
[BlackElo "2935"]
[TimeControl "180+1"]
[EndTime "15:43:37 PST"]
[Termination "Hikaru won by resignation"]

1. Nf3 Nf6 2. b3 g6 3. Bb2 Bg7 4. d4 O-O 5. e3 d6 6. Be2 Nbd7 7. O-O e5 8. dxe5 Ng4 9. c4 Ngxe5 10. Nc3 Nxf3+ 11. Bxf3 Ne5 12. Be2 Bd7 13. Qd2 Bc6 14.
Nd5 a5 15. Rac1 b6 16. Rfd1 f5 17. a3 Rf7 18. Ra1 Nd7 19. Bxg7 Rxg7 20. Rac1 Rf7 21. b4 axb4 22. axb4 Ne5 23. Rc3 Ra7 24. Nf4 Qa8 25.
Rdc1 Ra2 26. R3c2 Rxc2 27. Rxc2 Qa1+ 28. Rc1 Qa3 29. Qe1 Qb2 30. Ra1 Qc2 31. Rc1 Qb2 32.
Ne6 Be4 33. Ra1 Re7 34. Ng5 Bc6 35. h4 Nf7 36. Nh3 Qf6 37. b5 Bb7 38. Ra7 Be4 39. f3 Bc2 40. Qd2 Qb2 41. Nf4 Qb1+ 42. Kf2 Ne5 43. Nd5 Rf7 44. Rxc7 Rxc7 45. Nxc7 Bd3 46. Bxd3 Nxd3+ 47. Kg3 h6 48. Ne8 g5 49. hxg5 hxg5 50. Nxd6 f4+ 51. exf4 gxf4+ 52. Kh2 Qb3 53. Qe2 Qc3 54.
Qe8+ Kh7 55. Qf7+ Kh8 56. Qh5+ Kg7 57. Qg5+ Kh7 58. Nf5 Qe5 59. Qh5+ Kg8 60. Qg6+ Kf8 61. Qd6+ Qxd6 62. Nxd6 Ne5 63. g3 Nxf3+ 64. Kg2 Ne1+ 65. Kf2 Nd3+ 66. Kf3 fxg3 67. Nc8 Ne5+ 68. Kxg3 Nxc4 69.
Kf4 Ke8 70. Ke4 Kd7 71. Kd5 Kxc8 72. Kxc4 Kd7 73. Kd5 Kc7 74. Ke6 Kc8 75. Kd6 Kb7 76. Kd7 Kb8 77. Kc6 Ka7 78. Kc7 Ka8 79. Kxb6 Kb8 80. Ka6 Kc7 81. Ka7 1-0

[Event "Late-Titled-Tuesday-Blitz-January-23-2024"]
[Site "Chess.com"]
[Date "2024.01.23"]
[Round "9"]
[White "mishanick"]
[Black "Rikikits"]
[Result "1-0"]
[WhiteElo "3064"]
[BlackElo "2832"]
[TimeControl "180+1"]
[EndTime "15:43:41 PST"]
[Termination "mishanick won on time"]

1. d4 d5 2. c4 c6 3. Nc3 Nf6 4.
Nf3 dxc4 5. a4 Bf5 6. Ne5 Nbd7 7.
Nxc4 Nb6 8. Ne5 a5 9. e3 e6 10. g4 Bg6 11. h4 h5 12. Nxg6 fxg6 13. g5 Nfd5 14. Bd3 Bb4 15. Bxg6+ Kd7 16. Qd3 Kc7 17. Bd2 Kb8 18. Be4 Ka7 19. f4 Rc8 20. Bf3 Ka8 21.
Ke2 Qd6 22. Ne4 Qe7 23. Rhc1 Rhf8 24. Nc5 Rcd8 25. Bxd5 exd5 26. Bxb4 axb4 27. Rf1 Rde8 28.
b3 Nd7 29. Nxd7 Qxd7 30. Kd2 Re4 31. Rae1 Qf5 32. Qe2 g6 33. Qd3 Rfe8 34. Re2 Qh3 35. Rg1 Kb8 36. a5 Ka7 37. a6 b6 38. Rc1 R8e6 39.
Rg1 Qf5 40. Kd1 Rxd4 41. Qxd4 Qb1+ 42. Kd2 Qxg1 43. Qxb4 Qb1 44. Qc3 c5 45. Qd3 Qb2+ 46.
Ke1 Qc1+ 47. Qd1 Qc3+ 48. Kf2 d4 49. exd4 Rxe2+ 50. Kxe2 Qg3 51. dxc5 Qg4+ 52. Ke1 Qg1+ 53. Kd2 Qd4+ 54. Kc2 Qxc5+ 55. Kb2 Qf2+ 56. Ka3 Qxf4 57.
Qd7+ Kxa6 58. Qd3+ Ka7 59. Qxg6 Qc1+ 60. Ka4 Qa1+ 61.
Kb4 Qa5+ 62. Kc4 Qc5+ 63. Kd3 Qd5+ 64. Ke3 Qxb3+ 65. Kf4 Qb4+ 66. Kf5 Qb1+ 67. Kf6 Qb2+ 68. Kf7 Qb3+ 69. Kg7 Qc3+ 70. Qf6 Qg3 71. g6 1-0

[Event "Late-Titled-Tuesday-Blitz-January-23-2024"]
[Site "Chess.com"]
[Date "2024.01.23"]
[Round "9"]
[White "ArtemDyachuk"]
[Black "Oleksandr_Bortnyk"]
[Result "0-1"]
[WhiteElo "2646"]
[BlackElo "3046"]
[TimeControl "180+1"]
[EndTime "15:43:41 PST"]
[Termination "Oleksandr_Bortnyk won on time"]

1. e4 g6 2. d4 Bg7 3. Nc3 c6 4. h4 h5 5. Nf3 d5 6. Bd3 Bg4 7. e5 e6 8. Be3 Ne7 9. Qd2 Bxf3 10. gxf3 Nd7 11. Ne2 c5 12. c3 c4 13. Bc2 b5 14.
Rg1 a5 15. Bg5 Bf8 16. b3 Nb6 17. Bf6 Rg8 18. a4 Qd7 19. axb5 cxb3 20. Bxb3 Qxb5 21. Bc2 a4 22. Bd3 Nc4 23. Qa2 Nc6 24. Rb1 Qa6 25. Nf4 Kd7 26. Bxc4 Qxc4 27. Rb7+ Kc8 28. Qxc4 dxc4 29.
Rxf7 a3 30. Nxe6 a2 31. Ke2 Be7 32. Bxe7 Kd7 33. Bc5+ Kxe6 34. Rf6+ Kd7 35. Rf7+ Ke6 36. Rf6+ Kd7 37. e6+ Kc7 38. Rf7+ Kc8 39. Ra1 Nd8 40. Rf6 Re8 41. e7 Kd7 42. Kd2 Nc6 43. Rd6+ Kc7 44.
Rxg6 Na5 45. Bb6+ Kd7 46. Bxa5 Rxa5 47. Rg5 Ra4 48. Rb5 Kc6 49. Re5 Kd7 50. f4 Rb8 51. f5 Ke8 52. f6 Kf7 53. e8=Q+ Rxe8 54. Rxe8 Kxe8 55. Kc2 Kf7 56. Kb2 Ra6 57. Rxa2 Rxf6 58. Ka3 Rf4 59. Kb4 Rxh4 60. Kxc4 Rh1 61. Kc5 h4 62. d5 h3 63. Ra4 Rc1 64. Rh4 Rxc3+ 65.
Kd4 Ra3 66. Ke5 Rf3 67. Ke4 Ra3 68. f3 Ra4+ 0-1